 Dungeon Crawl Stone Soup version 0.30-a0-862-g1aabd4f9c5 (webtiles) character file.

Game seed: 3791790965489660865

489 Morbidden the Cudgeller (level 7, -2/42 (52) HPs)
             Began as a Barachi Reaver on Mar 9, 2023.
             Slain by a gnoll
             ... wielding a +0 halberd
             ... led by a gnoll sergeant
              (11 damage)
             ... on level 6 of the Dungeon.
             The game lasted 00:06:04 (5123 turns).

Morbidden the Cudgeller (Barachi Reaver)            Turns: 5123, Time: 00:06:04

HP:   -2/42 (52)    AC:  4    Str: 14    XL:     7   Next: 14%
MP:   8/11          EV: 10    Int: 15    God:
Gold: 104           SH:  6    Dex: 10    Spells: 9/12 levels left

rFire   + . .      SeeInvis .    k - +0 mace
rCold   . . .      Faith    .    w - +0 kite shield
rNeg    . . .      Spirit   .    b - +0 leather armour {rF+}
rPois   .          Reflect  .    (no helmet)
rElec   .          Rampage  .    (no cloak)
rCorr   +                        (no gloves)
Will    .....                    f - +0 pair of boots
Stlth   +                        (no amulet)
HPRegen 0.27/turn                A - ring of resist corrosion
MPRegen 0.12/turn                B - ring of wizardry

@: unable to hop, very slightly contaminated, heavily drained, slow
A: amphibious, slowness 1, strong legs 1, +LOS
a: Hop


You were on level 6 of the Dungeon.
You visited 1 branch of the dungeon, and saw 6 of its levels.

You collected 249 gold pieces.
You spent 145 gold pieces at shops.

Inventory:

Hand Weapons
 a - a +0 quarterstaff
 k - a +0 mace (weapon)
Missiles
 z - 6 poisoned darts (quivered)
Armour
 b - a +0 leather armour of fire resistance (worn)
 f - a +0 pair of boots (worn)
 m - the +1 robe "Fannocva" {rElec rPois Archmagi}
   (You found it on level 2 of the Dungeon)

   rElec:     It insulates you from electricity.
   rPois:     It protects you from poison.
   Archmagi:  It increases the power of your magical spells.
 w - a +0 kite shield (worn)
Jewellery
 A - a ring of resist corrosion (left hand)
 B - a ring of wizardry (right hand)
Wands
 v - a wand of digging (2)
Scrolls
 d - 4 scrolls of teleportation {unknown}
 e - 2 scrolls of noise {unknown}
 g - 7 scrolls of identify {unknown}
 h - 2 scrolls of fog {unknown}
 j - a scroll of blinking {unknown}
 n - a scroll of fear {unknown}
 o - a scroll of summoning {unknown}
 t - 4 scrolls of vulnerability {unknown}
 y - a scroll of enchant armour {unknown}
Potions
 c - a potion of lignification {unknown}
 l - a potion of flight {unknown}
 p - 2 potions of haste {unknown}
 q - a potion of invisibility {unknown}
 r - 2 potions of magic {unknown}
 s - a potion of attraction {unknown}
 x - a potion of brilliance {unknown}


   Skills:
 * Level 3.4 Fighting
 * Level 1.4(3.1) Axes
 + Level 4.0(4.3) Maces & Flails
 * Level 1.1(1.8) Polearms
 + Level 1.7(3.2) Staves
 * Level 2.7 Armour
 * Level 3.5 Dodging
 + Level 1.4 Stealth
 * Level 0.9 Shields
 * Level 3.0 Spellcasting
 * Level 4.0 Conjurations
 * Level 1.5 Necromancy
 * Level 1.2 Translocations


You had 9 spell levels left.
You knew the following spells:

 Your Spells              Type           Power      Damage    Failure   Level
a - Kiss of Death         Conj/Necr      40%        2d8       12%         1
b - Momentum Strike       Conj/Tloc      20%        3d8       17%         2

Your spell library contained the following spells:

 Spells                   Type           Power      Damage    Failure   Level
 Shock                    Conj/Air       32%        1d5       16%         1
 Hailstorm                Conj/Ice       8%         3d4       41%         3
 Ensorcelled Hibernation  Hex/Ice        4%         N/A       45%         2
 Passwall                 Tmut/Erth      1%         N/A       45%         2
 Portal Projectile        Hex/Tloc       8%         N/A       58%         3
 Swiftness                Air            2%         N/A       67%         3
 Tukima's Dance           Hex            2%         N/A       67%         3
 Airstrike                Air            1%         2d(1-17)  96%         4
 Blade Hands              Tmut           1%         N/A       100%        5


Dungeon Overview and Level Annotations

Branches:
Dungeon (6/15)
 Temple: D:4-7

Altars:
Ashenzari
Kikubaaqudgha
Uskayaw
Yredelemnul

Shops:
D:1 *

Annotations:
D:3 3 runed translucent doors, Mandevil's ghost, weakling DsHu
D:5 Grinder; Menkaure


Innate Abilities, Weirdness & Mutations

You are amphibious.
You cover ground slowly.
You can hop short distances.
You have an extended range of vision and can be seen from far away.


Message History

Unknown command.
Unknown command.
Unknown command.
Casting: Kiss of Death (safe; 12% risk of failure)
Confirm with . or Enter, or press ? or * to list all spells.
Aiming: Momentum Strike (safe; 17% risk of failure)
Press: ? - help, Dir - move target, f - iguana
Aim: an iguana (lightly wounded, 72% to hit)
You miscast Momentum Strike.
You are very lightly contaminated with residual magic.
Nothing appears to happen.
The iguana bites you.
Unknown command.
Unknown command.
Unknown command.
You hit the iguana.
The iguana is heavily wounded.
You block the gnoll's attack.
The iguana bites you but does no damage.
The gnoll barely misses you. The iguana closely misses you.
Unknown command.
Unknown command.
You completely miss the iguana.
The iguana is heavily wounded.
The gnoll barely misses you. The iguana bites you.
Casting: Momentum Strike (safe; 17% risk of failure)
Confirm with . or Enter, or press ? or * to list all spells.
Aiming: Kiss of Death (safe; 12% risk of failure)
Press: ? - help, Shift-Dir - straight line, f/p - iguana
Aim: an iguana (heavily wounded, 100% to hit)
The negative energy hits the iguana.
The iguana is drained!
The iguana is almost dead.
You feel drained.
The gnoll hits you from afar with a +0 halberd!
The iguana bites you.
* * * LOW HITPOINT WARNING * * *
Unknown command.
You hit the iguana but do no damage.
The iguana is almost dead.
The gnoll hits you from afar with a +0 halberd!
You die...

#########.##
#.# #(# #.#
#.# #)# #g#
#l# #@# #.#
#.# #.#
######## #.#
#.....<# #.#
#.########.#
#..........#
#.########.#


You could see an iguana (very drained) and a gnoll.

Vanquished Creatures
  A water moccasin (D:6)
  Blork the orc (D:4)
  A scorpion (D:5)
  2 hounds
  A sleepcap (D:3)
  2 iguanas (D:5)
  3 adders
  2 gnolls
  An ufetubus (D:6)
  2 worms
  2 dart slugs (D:5)
  2 orcs
  4 ball pythons
  6 endoplasms
  A giant cockroach (D:1)
  5 goblins
  2 hobgoblins (D:2)
  9 jackals
  3 quokkas
  7 bats
  5 frilled lizards
  4 kobolds
  3 rats
69 creatures vanquished.

Notes
Turn   | Place    | Note
-------+----------+-------------------------------------------
     0 | D:1      | Morbidden the Barachi Reaver began the quest for the Orb.
     0 | D:1      | Reached XP level 1. HP: 17/17 MP: 3/3
   214 | D:1      | Reached XP level 2. HP: 16/23 MP: 5/5
   370 | D:1      | Reached XP level 3. HP: 20/28 MP: 6/6
   588 | D:1      | Found a faded altar of an unknown god.
   815 | D:1      | Found Paemm's Assorted Antiques.
  1066 | D:2      | Reached skill level 1 in Armour
  1203 | D:2      | Identified the +1 robe "Fannocva" {rElec rPois Archmagi}
  1216 | D:2      | Found a basalt altar of Yredelemnul.
  1741 | D:2      | Reached XP level 4. HP: 34/34 MP: 7/7
  1744 | D:2      | Learned a level 2 spell: Momentum Strike
  2117 | D:3      | Found a runed translucent gate.
  2117 | D:3      | Found a runed translucent gate.
  2498 | D:3      | Found a runed translucent gate.
  2502 | D:3      | Noticed Mandevil's ghost (weakling DsHu)
  2502 | D:3      | Noticed a kobold brigand
  2539 | D:3      | Reached skill level 1 in Staves
  2539 | D:3      | Reached XP level 5. HP: 35/40 MP: 8/8
  2609 | D:3      | Found an ancient bone altar of Kikubaaqudgha.
  2610 | D:3      | Found a broken altar of Ashenzari.
  2882 | D:3      | You fall into a shaft and drop 2 floors!
  2882 | D:5      | Entered Level 5 of the Dungeon
  2902 | D:5      | Reached skill level 1 in Axes
  2971 | D:5      | Noticed Menkaure
  2991 | D:5      | Reached skill level 1 in Stealth
  3124 | D:5      | Noticed a steam dragon
  3231 | D:4      | Noticed Blork the orc
  3241 | D:4      | Killed Blork the orc
  3242 | D:4      | Reached skill level 1 in Necromancy
  3242 | D:4      | Reached XP level 6. HP: 26/46 MP: 6/10
  3932 | D:3      | Found a hide-covered altar of Uskayaw.
  4152 | D:1      | Bought a scratched glass ring for 145 gold pieces
  4267 | D:5      | Reached skill level 1 in Translocations
  4713 | D:5      | Noticed Grinder
  4969 | D:6      | Noticed a water moccasin
  4980 | D:6      | Killed a water moccasin
  4981 | D:6      | Reached skill level 1 in Polearms
  4981 | D:6      | Reached XP level 7. HP: 30/50 MP: 4/11
  5123 | D:6      | Slain by a gnoll

Illustrated notes

Levels and vault maps discovered:
D:1:      psy_arrival_spokes, layout_basic, ebering_ecumenical_altar_rust,
          serial_shops, shop
D:2:      layout_loops_corners, basic_altar
D:3:      layout_loops_ring, lemuel_coloured_pillars_altar,
          nicolae_overflow_squiral, gammafunk_ghost_nasty_kobolds
D:4:      layout_basic, uniq_blork_the_orc
D:5:      layout_basic, mainiacjoe_overflow_small_starburst, tso_oasis_becter,
          eino_tiny_chamber, uniq_grinder, uniq_menkaure
D:6:      layout_basic, serial_glass, glass_columns_a, glass_columns_c,
          glass_columns_a, glass_columns_a, glass_columns_c, glass_columns_a

Skill      XL: |  1  2  3  4  5  6 |
---------------+-------------------+-----
Armour         | 1 2 |  2.7
Staves         | 1 |  1.7
Fighting       | 3 |  3.4
Axes           | 1 |  1.4
Stealth        | 1 |  1.4
Necromancy     | 1 |  1.5
Dodging        | 3 |  3.5
Maces & Flails | 4 |  4.0
Translocations | 1 |  1.2
Polearms       | 1 |  1.1
Spellcasting   | 3 |  3.0
Conjurations   | 4 |  4.0
Shields        | |  0.9

Action                     |  1- 3 |  4- 6 |  7- 9 || total
---------------------------+-------+-------+-------++-------
  Melee: Mace              |    68 |    65 |    13 ||   146
         Quarterstaff      |    26 |    77 |       ||   103
         Punch             |     1 |       |       ||     1
  Throw: Javelin           |       |     2 |       ||     2
   Cast: Momentum Strike   |       |    13 |       ||    13
         Kiss of Death     |       |     3 |     1 ||     4
Ability: Hop               |       |     3 |     1 ||     4
    Use: Potion            |       |     4 |     1 ||     5
   Stab: Sleeping          |       |     1 |       ||     1
 Armour: Leather armour    |    43 |    43 |     1 ||    87
  Dodge: Dodged            |    74 |   104 |     8 ||   186
  Block: Kite shield       |       |    26 |     3 ||    29

Table legend: (Time is in decaauts)
 A = Elapsed time spent in this place.
 B = Non-inter-level travel time spent in this place.
 C = Inter-level travel time spent in this place.
 D = Time resting spent in this place.
 E = Time spent auto-exploring this place.
 F = Levels seen in this place.
 G = Mean time per level.
                   A        B        C        D        E       F      G
               +--------+--------+--------+--------+--------+-----+--------+
         Total |   5849 |   5405 |    444 |    789 |   3782 |   6 |  974.8 |
       Dungeon |   5849 |   5405 |    444 |    789 |   3782 |   6 |  974.8 |
               +--------+--------+--------+--------+--------+-----+--------+

Top non-repeatable levels by time:
     D:2: 1318 daAuts
     D:4: 1262 daAuts
     D:1: 1245 daAuts
     D:3: 1169 daAuts
     D:5: 449 daAuts
     D:6: 405 daAuts
